[ AOE2 MATCH · #507959599 ]
UnrankedGurjaras vs Cumans
Player's team · LOSS
Rival team · WIN
[ REPLAY ANALYSIS · EXTRACTED FROM THE RECORDED GAME ]
Feudal
8:26
Castle
19:29
Imperial
38:47
| APM avg | 44.1 |
| APM peak | 69 |
| eAPM avg | 23.2 |
| Villagers / military | 139 / 42 |
Focus
⚔️ 44.2% · 🌾 55.8%
Scout Cavalry ×26 · Scorpion ×10 · Monk ×3 · Armored Elephant ×2 · Mangonel ×1
Feudal
8:50
Castle
21:54
Imperial
40:43
| APM avg | 65.2 |
| APM peak | 114 |
| eAPM avg | 38.1 |
| Villagers / military | 179 / 47 |
Focus
⚔️ 31.2% · 🌾 68.8%
Kipchak ×38 · Mangonel ×5 · Monk ×4
Match map
Initial resources + every placement click. Lines = walls · curves = elevation contours. ◆ gold · ⬟ stone · ● berries · ✦ relic · ◌ wall gap
Your base· Open — unwalled flank
Šteuko's base· Open — unwalled flank
Smoothed initial terrain · ◌ = detected wall gap · hover for details
Inputs per minute
— jakco - - Šteuko
Build order — jakco
First 150 of 318 actions detected
| 0:01 | Queue | Villager (Male) |
| 0:02 | Queue | Villager (Male) |
| 0:02 | Queue | Villager (Male) |
| 0:02 | Build | House |
| 0:04 | Build | House |
| 0:12 | Queue | Villager (Male) |
| 0:19 | Build | Mill |
| 1:32 | Queue | Villager (Male) |
| 1:58 | Queue | Villager (Male) |
| 2:13 | Queue | Villager (Male) |
| 2:46 | Queue | Villager (Male) |
| 2:46 | Queue | Villager (Male) |
| 3:17 | Queue | Villager (Male) |
| 3:19 | Queue | Villager (Male) |
| 3:19 | Queue | Villager (Male) |
| 3:22 | Queue | Villager (Male) |
| 3:53 | Queue | Villager (Male) |
| 3:54 | Build | House |
| 3:58 | Build | House |
| 3:59 | Build | House |
| 4:18 | Queue | Villager (Male) |
| 4:18 | Queue | Villager (Male) |
| 4:34 | Queue | Villager (Male) |
| 4:44 | Queue | Villager (Male) |
| 4:50 | Queue | Villager (Male) |
| 5:10 | Build | Lumber Camp |
| 5:23 | Queue | Villager (Male) |
| 5:44 | Queue | Villager (Male) |
| 6:13 | Research | Feudal Age |
| 7:24 | Build | Barracks |
| 8:01 | Queue | Villager (Male) |
| 8:26 | Age | Feudal Age |
| 8:27 | Build | Stable |
| 8:34 | Research | Loom |
| 8:42 | Research | Double-Bit Axe |
| 8:54 | Queue | Villager (Male) |
| 9:03 | Build | Outpost |
| 9:26 | Queue | Scout Cavalry |
| 9:30 | Queue | Scout Cavalry |
| 9:45 | Queue | Villager (Male) |
| 9:49 | Queue | Villager (Male) |
| 9:59 | Build | Farm |
| 10:01 | Build | Farm |
| 10:06 | Queue | Villager (Male) |
| 10:08 | Queue | Scout Cavalry |
| 10:12 | Build | Farm |
| 10:14 | Build | Farm |
| 10:15 | Queue | Villager (Male) |
| 10:19 | Research | Horse Collar |
| 10:20 | Queue | Villager (Male) |
| 10:31 | Queue | Scout Cavalry |
| 10:35 | Build | Farm |
| 10:36 | Queue | Villager (Male) |
| 10:43 | Build | House |
| 11:06 | Queue | Villager (Male) |
| 11:15 | Build | Watch Tower |
| 11:20 | Build | Watch Tower |
| 11:25 | Queue | Scout Cavalry |
| 11:27 | Build | Farm |
| 11:37 | Queue | Villager (Male) |
| 11:43 | Queue | Villager (Male) |
| 11:57 | Queue | Villager (Male) |
| 12:18 | Queue | Villager (Male) |
| 12:19 | Build | Mining Camp |
| 12:37 | Queue | Villager (Male) |
| 12:44 | Queue | Villager (Male) |
| 12:51 | Queue | Villager (Male) |
| 12:53 | Queue | Villager (Male) |
| 13:01 | Build | House |
| 13:10 | Build | Lumber Camp |
| 13:36 | Queue | Villager (Male) |
| 13:45 | Queue | Villager (Male) |
| 14:08 | Build | Blacksmith |
| 14:16 | Queue | Villager (Male) |
| 15:12 | Build | Mining Camp |
| 15:25 | Build | Farm |
| 15:26 | Build | Farm |
| 15:40 | Research | Fletching |
| 15:42 | Build | House |
| 16:03 | Build | House |
| 16:49 | Research | Castle Age |
| 17:25 | Queue | Villager (Male) |
| 18:33 | Queue | Villager (Male) |
| 19:29 | Age | Castle Age |
| 19:31 | Build | Siege Workshop |
| 19:33 | Build | Siege Workshop |
| 19:37 | Queue | Villager (Male) |
| 20:04 | Research | Bloodlines |
| 20:04 | Queue | Villager (Male) |
| 20:16 | Queue | Armored Elephant |
| 20:16 | Queue | Armored Elephant |
| 20:19 | Build | Monastery |
| 20:29 | Queue | Scorpion |
| 20:29 | Queue | Scorpion |
| 20:47 | Queue | Scorpion |
| 20:52 | Queue | Villager (Male) |
| 20:58 | Research | Gold Mining |
| 21:25 | Queue | Scorpion |
| 21:25 | Queue | Scorpion |
| 21:28 | Queue | Villager (Male) |
| 21:36 | Build | Market |
| 21:39 | Build | House |
| 21:40 | Build | House |
| 21:43 | Queue | Villager (Male) |
| 21:48 | Queue | Villager (Male) |
| 21:54 | Queue | Scorpion |
| 22:28 | Build | Monastery |
| 22:35 | Queue | Villager (Male) |
| 22:44 | Queue | Monk |
| 22:51 | Queue | Villager (Male) |
| 22:56 | Queue | Villager (Male) |
| 23:00 | Queue | Villager (Male) |
| 23:11 | Queue | Monk |
| 23:25 | Queue | Villager (Male) |
| 23:31 | Queue | Villager (Male) |
| 23:41 | Build | Town Center |
| 23:46 | Queue | Monk |
| 24:01 | Queue | Villager (Male) |
| 24:19 | Build | Town Center |
| 24:23 | Queue | Villager (Male) |
| 24:29 | Build | House |
| 24:45 | Research | Sanctity |
| 24:46 | Queue | Villager (Male) |
| 24:53 | Queue | Villager (Male) |
| 25:16 | Queue | Villager (Male) |
| 25:20 | Build | Siege Workshop |
| 25:25 | Build | House |
| 25:25 | Build | House |
| 25:37 | Build | Farm |
| 25:38 | Build | Farm |
| 25:44 | Queue | Villager (Male) |
| 25:52 | Queue | Villager (Male) |
| 25:59 | Build | Farm |
| 26:01 | Build | Farm |
| 26:22 | Queue | Villager (Male) |
| 26:28 | Research | Redemption |
| 26:33 | Queue | Villager (Male) |
| 26:49 | Queue | Villager (Male) |
| 26:53 | Queue | Villager (Male) |
| 26:58 | Build | Farm |
| 26:58 | Build | Farm |
| 26:58 | Build | Farm |
| 26:58 | Build | Farm |
| 27:00 | Build | Farm |
| 27:00 | Build | Farm |
| 27:07 | Queue | Villager (Male) |
| 27:17 | Queue | Villager (Male) |
| 27:19 | Build | Farm |
| 27:19 | Build | Farm |
| 27:41 | Queue | Villager (Male) |
Build order — Šteuko
First 150 of 408 actions detected
| 0:00 | Queue | Villager (Male) |
| 0:00 | Queue | Villager (Male) |
| 0:02 | Build | House |
| 0:04 | Build | House |
| 0:06 | Queue | Villager (Male) |
| 0:13 | Queue | Villager (Male) |
| 1:27 | Queue | Villager (Male) |
| 2:05 | Queue | Villager (Male) |
| 2:05 | Queue | Villager (Male) |
| 2:21 | Queue | Villager (Male) |
| 2:54 | Queue | Villager (Male) |
| 3:18 | Queue | Villager (Male) |
| 3:24 | Queue | Villager (Male) |
| 3:35 | Build | House |
| 3:38 | Build | House |
| 3:40 | Build | House |
| 3:52 | Queue | Villager (Male) |
| 3:55 | Queue | Villager (Male) |
| 3:59 | Build | Lumber Camp |
| 4:33 | Queue | Villager (Male) |
| 4:40 | Queue | Villager (Male) |
| 5:00 | Queue | Villager (Male) |
| 5:01 | Queue | Villager (Male) |
| 5:32 | Queue | Villager (Male) |
| 5:32 | Research | Loom |
| 5:39 | Build | Mill |
| 6:38 | Research | Feudal Age |
| 7:08 | Queue | Villager (Male) |
| 7:22 | Queue | Villager (Male) |
| 7:38 | Build | House |
| 7:43 | Queue | Villager (Male) |
| 8:11 | Queue | Villager (Male) |
| 8:50 | Age | Feudal Age |
| 8:51 | Build | Watch Tower |
| 8:56 | Build | Town Center |
| 9:02 | Queue | Villager (Male) |
| 9:21 | Queue | Villager (Male) |
| 9:38 | Queue | Villager (Male) |
| 9:39 | Queue | Villager (Male) |
| 9:45 | Queue | Villager (Male) |
| 9:54 | Build | House |
| 9:59 | Build | House |
| 10:02 | Queue | Villager (Male) |
| 10:05 | Build | House |
| 10:09 | Build | Palisade Wall |
| 10:13 | Build | Palisade Wall |
| 10:15 | Queue | Villager (Male) |
| 10:16 | Build | Palisade Wall |
| 10:16 | Queue | Villager (Male) |
| 10:33 | Queue | Villager (Male) |
| 10:41 | Queue | Villager (Male) |
| 11:05 | Build | House |
| 11:16 | Queue | Villager (Male) |
| 11:27 | Build | House |
| 11:30 | Queue | Villager (Male) |
| 11:35 | Build | Farm |
| 11:47 | Queue | Villager (Male) |
| 11:50 | Queue | Villager (Male) |
| 11:51 | Queue | Villager (Male) |
| 11:53 | Queue | Villager (Male) |
| 12:03 | Build | Watch Tower |
| 12:15 | Build | Farm |
| 12:17 | Queue | Villager (Male) |
| 12:29 | Queue | Villager (Male) |
| 12:30 | Queue | Villager (Male) |
| 12:41 | Queue | Villager (Male) |
| 12:55 | Build | Farm |
| 12:55 | Build | Farm |
| 12:59 | Queue | Villager (Male) |
| 13:00 | Build | Farm |
| 13:17 | Build | Palisade Wall |
| 13:18 | Build | Palisade Wall |
| 13:23 | Build | Palisade Wall |
| 13:31 | Queue | Villager (Male) |
| 13:32 | Queue | Villager (Male) |
| 13:41 | Build | Farm |
| 13:42 | Build | Farm |
| 13:45 | Build | Farm |
| 13:48 | Build | Farm |
| 13:50 | Queue | Villager (Male) |
| 14:01 | Queue | Villager (Male) |
| 14:03 | Build | Farm |
| 14:15 | Build | Farm |
| 14:20 | Queue | Villager (Male) |
| 14:37 | Queue | Villager (Male) |
| 14:46 | Queue | Villager (Male) |
| 14:53 | Build | Farm |
| 14:54 | Build | Farm |
| 14:56 | Build | Farm |
| 15:00 | Build | Farm |
| 15:04 | Build | Blacksmith |
| 15:13 | Queue | Villager (Male) |
| 15:18 | Queue | Villager (Male) |
| 15:20 | Build | Farm |
| 15:34 | Build | Farm |
| 15:42 | Build | House |
| 15:45 | Queue | Villager (Male) |
| 15:45 | Queue | Villager (Male) |
| 15:59 | Queue | Villager (Male) |
| 16:09 | Queue | Villager (Male) |
| 16:14 | Build | Farm |
| 16:16 | Build | Farm |
| 16:18 | Build | Farm |
| 16:23 | Queue | Villager (Male) |
| 16:29 | Queue | Villager (Male) |
| 16:32 | Build | Mining Camp |
| 16:41 | Queue | Villager (Male) |
| 16:44 | Queue | Villager (Male) |
| 16:47 | Build | Farm |
| 16:51 | Queue | Villager (Male) |
| 16:52 | Build | Farm |
| 16:57 | Build | Farm |
| 17:05 | Build | House |
| 17:12 | Queue | Villager (Male) |
| 17:14 | Queue | Villager (Male) |
| 17:18 | Queue | Villager (Male) |
| 17:22 | Build | House |
| 17:22 | Build | House |
| 17:34 | Queue | Villager (Male) |
| 17:36 | Build | House |
| 17:38 | Build | House |
| 17:45 | Queue | Villager (Male) |
| 18:03 | Build | Market |
| 18:40 | Build | House |
| 18:45 | Build | Palisade Gate |
| 18:49 | Build | Palisade Wall |
| 18:57 | Build | House |
| 18:57 | Build | House |
| 19:03 | Build | Farm |
| 19:14 | Research | Castle Age |
| 19:24 | Build | Farm |
| 19:29 | Queue | Villager (Male) |
| 19:32 | Queue | Villager (Male) |
| 19:42 | Build | Mining Camp |
| 19:43 | Research | Town Watch |
| 19:54 | Research | Double-Bit Axe |
| 19:56 | Queue | Villager (Male) |
| 20:05 | Research | Fletching |
| 20:05 | Research | Fletching |
| 20:09 | Build | House |
| 20:09 | Build | House |
| 20:14 | Queue | Villager (Male) |
| 20:18 | Build | Outpost |
| 20:24 | Queue | Villager (Male) |
| 20:30 | Queue | Villager (Male) |
| 20:36 | Queue | Villager (Male) |
| 20:45 | Build | House |
| 20:48 | Queue | Villager (Male) |
| 20:52 | Queue | Villager (Male) |
| 20:57 | Build | Watch Tower |
Match timeline
| 7:24 | jakco · first_building Barracks |
| 8:26 | jakco · age_up feudal |
| 8:27 | jakco · first_building Stable |
| 8:50 | Šteuko · age_up feudal |
| 10:09 | Šteuko · wall_segment Palisade Wall x1 |
| 10:13 | Šteuko · wall_segment Palisade Wall x1 |
| 10:16 | Šteuko · wall_segment Palisade Wall x1 |
| 13:17 | Šteuko · wall_segment Palisade Wall x1 |
| 13:18 | Šteuko · wall_segment Palisade Wall x1 |
| 13:23 | Šteuko · wall_segment Palisade Wall x1 |
| 18:49 | Šteuko · wall_segment Palisade Wall x1 |
| 19:10 | Šteuko · first_market_buy 100 food |
| 19:13 | Šteuko · first_market_sell 100 stone |
| 19:29 | jakco · age_up castle |
| 19:31 | jakco · first_building Siege Workshop |
| 20:19 | jakco · first_building Monastery |
| 21:54 | Šteuko · age_up castle |
| 21:56 | Šteuko · first_building Siege Workshop |
| 22:10 | Šteuko · first_building Castle |
| 26:15 | jakco · first_market_sell 100 wood |
| 29:32 | jakco · first_market_buy 100 stone |
| 29:43 | jakco · first_building Castle |
| 32:41 | Šteuko · first_building Barracks |
| 33:21 | Šteuko · first_building Monastery |
| 35:15 | jakco · wall_segment Palisade Wall x1 |
| 35:17 | Šteuko · first_building Stable |
| 37:10 | jakco · wall_segment Palisade Wall x1 |
| 38:47 | jakco · age_up imperial |
| 40:43 | Šteuko · age_up imperial |
| 40:49 | jakco · resign |
[ AI ANALYSIS · 1 CREDIT ]
What really happened in this match?
Wolo.gg analyzes every decision: build order, eco, micro, common mistakes by bracket. Personalized analysis on WhatsApp or Discord in 30 seconds.
Civ guide
Gurjaras
Perfil
Jugador #25228388